 Dungeon Crawl Stone Soup version 0.23.0-3-gf3c87f2 (webtiles) character file.

Game seed: 5214347523232982934

261 poirepourri the Covert (level 5, 0/24 HPs)
             Began as a Spriggan Enchanter on Feb 24, 2019.
             Killed by divine providence
             ... invoked by an orc priest
              (15 damage)
             ... on level 3 of the Dungeon.
             The game lasted 00:04:09 (3430 turns).

poirepourri the Covert (Spriggan Enchanter)         Turns: 3430, Time: 00:04:10

Health: 0/24       AC:  3    Str:  4    XL:     5   Next: 96%
Magic:  10/10      EV: 18    Int: 16    God:
Gold:   124        SH:  0    Dex: 18    Spells: 0/9 levels left

rFire    . . .     SeeInvis +   a - +1 dagger
rCold    . . .     Gourm    .   (shield restricted)
rNeg     . . .     Faith    .   b - +1 robe
rPois    .         Spirit   .   (helmet restricted)
rElec    .         Reflect  .   (no cloak)
rCorr    .         Harm     .   (gloves unavailable)
MR       .....                  (boots unavailable)
Stlth    +++++.....             (no amulet)
HPRegen  0.08/turn              (no ring)
MPRegen  0.12/turn              (no ring)

@: very quick
A: very small, unfitting armour, see invisible, herbivore, speed 3, slow
metabolism 2
a: no special abilities


You were on level 3 of the Dungeon.
You were not hungry.

You visited 1 branch of the dungeon, and saw 3 of its levels.

You collected 124 gold pieces.

Inventory:

Hand Weapons
 a - a +1 dagger (weapon)
Armour
 b - a +1 robe (worn)
Potions
 c - a potion of flight {unknown}
 e - a potion of resistance
 f - a potion of brilliance
 g - a potion of agility
 h - a potion of ambrosia
 i - a potion of magic {unknown}
 j - a potion of heal wounds
 k - a potion of curing {unknown}
 l - a potion of might {unknown}
Comestibles
 d - 7 rations


   Skills:
 - Level 1.1 Short Blades
 - Level 3.0 Dodging
 + Level 10.3 Stealth
 - Level 2.6 Spellcasting
 - Level 3.6 Hexes


You couldn't memorise any spells.
You knew the following spells:

 Your Spells              Type           Power        Failure   Level  Hunger
a - Corona                Hex            ##.....      4%          1    #......
b - Ensorcelled Hibernat  Hex/Ice        #.....       14%         2    ##.....
c - Confuse               Hex            ##......     13%         3    ###....
d - Tukima's Dance        Hex            ##......     13%         3    ###....

Your spell library contained the following spells:

 Spells                   Type           Power        Failure   Level  Hunger
 Dazzling Spray           Conj/Hex       #.....       28%         3    ###....


Dungeon Overview and Level Annotations

Branches:
Dungeon (3/15)

Altars:


Innate Abilities, Weirdness & Mutations

You are very small and have problems with some larger weapons.
You are too small for most types of armour.
You have supernaturally acute eyesight. (SInv)
You are a herbivore.
You cover ground extremely quickly.
You need to consume almost no food.


Message History

You start resting.
You start resting.
HP restored.
Okay, then.
The orc is too close now for your liking.
An orc is nearby!
An orc is nearby!
The orc priest shouts!
You hear a shout! x2
The orc priest mumbles some strange prayers to Beogh against you.
Beogh smites you!
The orc priest shouts!
The orc priest looks braver for a moment.
The orc completely misses you.
The orc shouts!
You hit the orc.
The orc is heavily wounded.
The orc priest invokes the aid of Beogh against you.
Beogh smites you!
Ouch! That really hurt!
You die...

#.##.##.#
#.......##.##.#.....
#.......#
#.......##.##.#.####
#.##.##.#
#.......##.##.#.#
#.##.##.#
##########.##.#.#
#.##.##.# #......#
#.......# ######.###
##.###.## .. #.# #
##.#######o####
#......@oo..o#
#.#######o##... ...
#.## # ... ..# #+#
###


You could see 2 orc priests and 3 orcs.

Vanquished Creatures
  An orc warrior (D:2)
  An orc wizard (D:2)
  8 adders
  2 oozes
  An adder skeleton (D:2)
  A worm (D:2)
  A dart slug (D:2)
  2 leopard geckos
  3 orcs (D:2)
  3 bats
  3 giant cockroaches
  7 goblins
  6 hobgoblins
  4 frilled lizards (D:2)
  4 kobolds
  11 rats
58 creatures vanquished.

Notes
Turn   | Place    | Note
-------+----------+-------------------------------------------
     0 | D:1      | poirepourri the Spriggan Enchanter began the quest for the
                  | Orb.
     0 | D:1      | Reached XP level 1. HP: 9/9 MP: 5/5
   337 | D:1      | Reached skill level 5 in Stealth
   403 | D:1      | Reached XP level 2. HP: 9/13 MP: 6/6
   492 | D:1      | Learned a level 2 spell: Ensorcelled Hibernation
  1087 | D:2      | Reached skill level 6 in Stealth
  1152 | D:2      | Reached XP level 3. HP: 14/16 MP: 0/8
  1746 | D:2      | Reached skill level 7 in Stealth
  1820 | D:2      | Learned a level 3 spell: Confuse
  2026 | D:2      | Reached XP level 4. HP: 21/21 MP: 9/9
  2100 | D:2      | Reached skill level 8 in Stealth
  2130 | D:2      | Noticed an orc warrior
  2224 | D:2      | Reached XP level 5. HP: 12/24 MP: 3/10
  2398 | D:2      | Killed an orc warrior
  2398 | D:2      | Reached skill level 10 in Stealth
  2476 | D:2      | Learned a level 3 spell: Tukima's Dance
  3430 | D:3      | Killed from afar by an orc priest

Skill      XL: |  1  2  3  4  5 |
---------------+----------------+-----
Stealth        | 5 6 7 8 10 | 10.3
Short Blades   | |  1.1
Dodging        | |  3.0
Spellcasting   | |  2.6
Hexes          | |  3.6

Action                   |  1- 3 |  4- 6 || total
-------------------------+-------+-------++-------
Melee: Dagger            |    99 |    80 ||   179
 Cast: Ensorcelled Hiber |    20 |    12 ||    32
       Confuse           |     1 |     4 ||     5
  Use: Scroll            |     9 |       ||     9
 Stab: Sleeping          |    22 |     8 ||    30
       Confused          |       |     3 ||     3
  Eat: Ration            |       |     3 ||     3
Armor: Robe              |     9 |     7 ||    16
Dodge: Dodged            |    73 |    66 ||   139
